 Dungeon Crawl Stone Soup version 0.22-a0-254-gaf95ca0 (webtiles) character file.

107 SpeedyPerson7 the Covered (level 4, -7/42 HPs)
             Began as a Deep Dwarf Fighter on Mar 4, 2018.
             Mangled by Nr616's ghost (8 damage)
             ... on level 4 of the Dungeon.
             The game lasted 00:00:57 (580 turns).

SpeedyPerson7 the Covered (Deep Dwarf Fighter)       Turns: 580, Time: 00:00:57

Health: -7/42      AC:  9    Str: 20    XL:     4   Next: 56%
Magic:  4/4        EV:  7    Int:  9    God:
Gold:   56         SH:  9    Dex: 12    Spells: 3/3 levels left

rFire    . . .     SeeInvis .   a - +0 war axe
rCold    . . .     Gourm    .   c - +0 shield
rNeg     . . .     Faith    .   b - +0 scale mail
rPois    +         Spirit   .   (no helmet)
rElec    .         Reflect  .   n - +1 cloak {rPois}
rCorr    .         Harm     .   (no gloves)
MR       .....                  (no boots)
Stlth    ..........             (no amulet)
HPRegen  0.00/turn              (no ring)
MPRegen  0.09/turn              (no ring)

@: non-regenerating
A: damage resistance, heal wounds, sense surroundings 1, no regeneration
a: Heal Wounds


You were on level 4 of the Dungeon.
You were not hungry.

You visited 1 branch of the dungeon, and saw 4 of its levels.

You collected 56 gold pieces.

Inventory:

Hand Weapons
 a - a +0 war axe (weapon)
Armour
 b - a +0 scale mail (worn)
 c - a +0 shield (worn)
 n - a +1 cloak of poison resistance (worn)
Scrolls
 h - a scroll of remove curse {unknown}
 j - a scroll of identify {unknown}
 k - a scroll of random uselessness {unknown}
Potions
 d - a potion of might
 g - 2 potions of agility {unknown}
 i - a potion of resistance {unknown}
 l - a potion of flight {unknown}
 m - a potion of haste {unknown}
Comestibles
 e - 2 rations
 f - 16 chunks of flesh


   Skills:
 + Level 3.2 Fighting
 * Level 3.7 Axes
 + Level 4.0 Armour
 + Level 3.9 Shields


You had 3 spell levels left.
You didn't know any spells.

Dungeon Overview and Level Annotations

Branches:
Dungeon (4/15)
 Temple: D:4-7

Altars:

Annotations:
D:4 Nr616's ghost, amateur MiBe


Innate Abilities, Weirdness & Mutations

You are resistant to damage.
You can heal yourself by infusing magical energy.
You passively map a small area around you.
You do not regenerate.


Message History

The adder skeleton bites you but does no damage.
The worker ant bites you.
Your shield and scale mail prevent you from hitting the adder skeleton.
The adder skeleton is heavily damaged.
You hit Nr616's ghost but do no damage. You closely miss the worker ant.
You slash the ogre! You block Nr616's ghost's attack.
You block the worker ant's attack. The adder skeleton closely misses you.
The ogre barely misses you.
Nr616's ghost hits you but does no damage.
You hit the adder skeleton.
The adder skeleton is severely damaged.
You barely miss the ogre. You hit the worker ant. You hit Nr616's ghost.
The worker ant bites you but does no damage.
You block the adder skeleton's attack. Nr616's ghost hits you.
The worker ant bites you but does no damage.
The ogre hits you with a giant spiked club!
* * * LOW HITPOINT WARNING * * *
You block the adder skeleton's attack.
You fail to use your ability.
Nr616's ghost hits you!
You die...

...# ,
#.....##$ ,
#.....#.. *
#....... ,
#.....##.
####........
,
#...........
#.<.O.....#*
#...@a...#*
#...ZW.###
#......#
#......#
#......#
########


You could see an ogre, a worker ant, Nr616's ghost and an adder skeleton.

Vanquished Creatures
  Crazy Yiuf (D:2)
  Terence (D:2)
  4 worms
  2 orcs (D:3)
  4 bats
  2 giant cockroaches (D:2)
  7 hobgoblins
  7 jackals
  3 frilled lizards
  2 goblins
  2 kobolds (D:2)
  2 rats (D:2)
37 creatures vanquished.

Notes
Turn   | Place    | Note
-------+----------+-------------------------------------------
     0 | D:1      | SpeedyPerson7 the Deep Dwarf Fighter began the quest for the Orb.
     0 | D:1      | Reached XP level 1. HP: 20/20 MP: 1/1
    70 | D:1      | Reached XP level 2. HP: 21/27 MP: 2/2
   224 | D:2      | Found a faded altar of an unknown god.
   228 | D:2      | Noticed Terence
   240 | D:2      | Killed Terence
   240 | D:2      | Reached XP level 3. HP: 24/34 MP: 3/3
   306 | D:2      | Found a runed door.
   310 | D:2      | Noticed Crazy Yiuf
   324 | D:2      | Killed Crazy Yiuf
   324 | D:2      | Reached XP level 4. HP: 42/42 MP: 4/4
   544 | D:3      | Reached skill level 4 in Armour
   572 | D:4      | Noticed Nr616's ghost (amateur MiBe)
   573 | D:4      | Noticed an ogre
   579 | D:4      | HP: 1/42 [ogre/giant spiked club (14)]
   580 | D:4      | Mangled by Nr616's ghost

Vault maps used:
D:1:      scummos_arrival_forest
D:2:      chequers_ecumenical_altar_simple_redux, uniq_terence,
          uniq_crazy_yiuf_cottage
D:3:      minitemple, lemuel_doored_altar, serial_bayou_pond_b, uniq_jessica
D:4:      first_ration, hex_tiny, abandoned_shop, item_on_display_a

Skill      XL: |  1  2  3  4 |
---------------+-------------+-----
Fighting       | 3 |  3.2
Axes           | 3 |  3.7
Armour         | 4 |  4.0
Shields        | |  3.9

Action                   |  1- 3 |  4- 6 || total
-------------------------+-------+-------++-------
Melee: War axe           |    84 |    76 ||   160
 Abil: Heal Wounds       |     1 |       ||     1
Armor: Scale mail        |    40 |    44 ||    84
Dodge: Dodged            |    22 |    28 ||    50
Block: Shield            |    48 |    51 ||    99

Table legend:
 A = Spawn XP
 B = Non-spawn XP
 C = Spawn XP percentage of total XP
 D = Spawn monster count
 E = Non-spawn monster count
 F = Spawn count percentage of total count
 G = Total turns spent on level
                    A         B        C        D         E        F      G
               +---------+---------+-------+---------+---------+-------+---------
         Total |       0 |     153 |   0.0 |       0 |      37 |   0.0 |   580
               +---------+---------+-------+---------+---------+-------+---------
           D:1 |       0 |      17 |   0.0 |       0 |       9 |   0.0 |   141
           D:2 |       0 |     117 |   0.0 |       0 |      22 |   0.0 |   345
           D:3 |       0 |      19 |   0.0 |       0 |       6 |   0.0 |    86
               +---------+---------+-------+---------+---------+-------+---------
